 Dungeon Crawl Stone Soup version 0.21.0-8-gf18e19db4a (webtiles) character file.

2156 MORKO the Cleaver (level 9, -1/79 HPs)
             Began as a Minotaur Berserker on Jan 17, 2018.
             Was a Priest of Trog.
             Slain by a killer bee (7 damage)
             ... on level 7 of the Dungeon.
             The game lasted 00:47:23 (5829 turns).

MORKO the Cleaver (Minotaur Berserker)              Turns: 5829, Time: 00:47:24

Health: -1/79      AC: 13    Str: 25    XL:     9   Next: 10%
Magic:  2/2        EV:  4    Int:  4    God:    Trog [***...]
Gold:   130        SH: 12    Dex: 10    Spells: 8/8 levels left

rFire    . . .     SeeInvis .   u - +0 hand axe (antimagic)
rCold    . . .     Gourm    .   A - +0 large shield
rNeg     . . .     Faith    .   z - +0 plate armour
rPois    .         Spirit   .   (helmet restricted)
rElec    .         Reflect  .   (no cloak)
rCorr    .         Harm     .   (no gloves)
MR       ++...                  (no boots)
Stlth    ..........             (no amulet)
HPRegen  1.23/turn              (no ring)
MPRegen  0.08/turn              (no ring)

@: lethally poisoned (-1 -> -4), berserk cooldown, regenerating, hasted and
slowed
A: retaliatory headbutt, horns 2
a: Berserk, Trog's Hand, Burn Spellbooks, Renounce Religion


You were on level 7 of the Dungeon.
You worshipped Trog.
Trog was most pleased with you.
You were near starving.

You visited 2 branches of the dungeon, and saw 8 of its levels.

You collected 415 gold pieces.
You spent 285 gold pieces at shops.

Inventory:

Hand Weapons
 a - a +0 hand axe
 u - a +0 antimagic hand axe (weapon)
 C - a +0 scythe
Armour
 b - a +0 animal skin
 g - a +0 ring mail
 h - a +0 chain mail
 p - a +0 leather armour
 t - a +0 ring mail
 z - a +0 plate armour (worn)
 A - a +0 large shield (worn)
 E - a +1 leather armour of fire resistance
Wands
 v - a wand of clouds (6)
 x - a wand of flame (39)
 F - a wand of iceblast (8)
Scrolls
 f - a scroll of random uselessness {unknown}
 j - 2 scrolls of fear {unknown}
 m - 4 scrolls of fog {unknown}
 n - 3 scrolls of magic mapping {unknown}
 o - 4 scrolls of teleportation
 q - 3 scrolls of remove curse
 r - 2 scrolls of immolation {unknown}
 y - 2 scrolls of enchant armour {unknown}
 B - 2 scrolls of amnesia {unknown}
 G - a scroll of holy word {unknown}
 H - a scroll of vulnerability {unknown}
 J - a scroll of identify
Potions
 d - 6 potions of curing
 e - a potion of degeneration {unknown}
 i - a potion of might {unknown}
 k - 3 potions of magic
 l - 5 potions of brilliance
 w - a potion of lignification {unknown}
 D - a potion of flight {unknown}
 I - a potion of agility
Comestibles
 c - 3 rations


   Skills:
 + Level 7.4 Fighting
 * Level 9.7 Axes
 + Level 6.8 Armour
 + Level 6.2 Dodging


You had 8 spell levels left.
You didn't know any spells.

Dungeon Overview and Level Annotations

Branches:
Dungeon (7/15)             Temple (1/1) D:4

Altars:
Ashenzari
Dithmenos
Elyvilon
Gozag
Hepliaklqana
Nemelex Xobeh
Okawaru
Qazlal
Ru
Sif Muna
Trog
Uskayaw
Vehumet
Wu Jian
Xom
Zin
The Shining One

Shops:
D:6 !


Innate Abilities, Weirdness & Mutations

You reflexively headbutt those who attack you in melee.
You have a pair of horns on your head.


Message History

The killer bee stings you but does no damage.
The killer bee stings you.
* * * LOW HITPOINT WARNING * * *
The killer bee stings you but does no damage.
The killer bee stings you.
* * * LOW HITPOINT WARNING * * *
You closely miss the killer bee. Your headbutt misses the killer bee.
The killer bee is severely wounded.
Your plate armour prevents you from hitting the killer bee.
You hit the killer bee.
Your shield and plate armour prevent you from hitting the killer bee.
You miss the killer bee.
You feel sick. You block the killer bee's attack. The killer bee stings you.
* * * LOW HITPOINT WARNING * * *
The killer bee stings you but does no damage.
You block the killer bee's attack. The killer bee barely misses you.
You block the killer bee's attack.
The killer bee stings you but does no damage.
The killer bee stings you!
You die...

...........###.............#.
.........#...................
.####..#.#.###.............#
.........#.#...###.........+
#####....###.#.# #.........#
#........#.# #.........#.
#####...######.#####.........
.........##.....yy......####.
.........##.#...@yy.....# ##
.........##.#...yy......########.
.........##'##..........##.......
.........#..............##.......
.........#..............##.......
.........#..............##.......
.........#............####.......
.........#####.####...####.......
########..# #.# #..............


You could see 6 killer bees.

Vanquished Creatures
  Grinder (D:5)
  Sigmund (D:5)
  Menkaure (D:5)
  An orc warrior (D:7)
  2 sky beasts
  2 phantoms
  2 ogres
  A big kobold (D:7)
  A scorpion (D:7)
  The ghost of gothmog the Cudgeler, a weakling TrBe of Trog (D:3)
  A howler monkey (D:5)
  A crimson imp (D:4)
  A bullfrog zombie (D:7)
  2 bullfrog skeletons (D:6)
  2 orc priests (D:7)
  A gnoll shaman (D:6)
  Jessica (D:2)
  Natasha (thrice) (D:3)
  An iguana (D:6)
  5 orc wizards
  4 worker ants
  A hound skeleton (D:4)
  6 gnolls
  A river rat (D:3)
  10 adders
  2 shadow imps
  2 oozes
  An adder skeleton (D:7)
  3 worms
  3 dart slugs
  4 leopard geckos
  25 orcs
  8 bats
  2 giant cockroaches
  2 hobgoblins (D:1)
  A quokka (D:2)
  3 ball pythons
  7 frilled lizards
  8 goblins
  A goblin zombie (D:4)
  10 kobolds
  A leopard gecko skeleton (D:5)
  A quokka skeleton (D:4)
  2 quokka zombies
  11 rats
150 creatures vanquished.

Vanquished Creatures (others)
  A hobgoblin (D:4)
1 creature vanquished.

Grand Total: 151 creatures vanquished

Notes
Turn   | Place    | Note
-------+----------+-------------------------------------------
     0 | D:1      | MORKO the Minotaur Berserker began the quest for the Orb.
     0 | D:1      | Reached XP level 1. HP: 19/19 MP: 0/0
   138 | D:1      | Reached XP level 2. HP: 25/27 MP: 1/1
   259 | D:1      | Reached skill level 4 in Axes
   619 | D:1      | Reached ** piety under Trog
   775 | D:2      | Reached XP level 3. HP: 33/33 MP: 2/2
  1063 | D:2      | Found a sacrificial altar of Ru.
  1165 | D:2      | Reached XP level 4. HP: 38/40 MP: 3/3
  1186 | D:2      | Noticed Jessica
  1200 | D:2      | Killed Jessica
  1401 | D:2      | Reached skill level 5 in Axes
  1570 | D:2      | Found an ornate altar of the Wu Jian Council.
  1641 | D:3      | Reached XP level 5. HP: 47/47 MP: 1/4
  1710 | D:3      | Noticed Natasha
  1722 | D:3      | Reached *** piety under Trog
  1725 | D:3      | Killed Natasha
  1770 | D:3      | Found a glowing drain.
  1922 | D:3      | Noticed Natasha
  1935 | D:3      | Killed Natasha
  1938 | D:3      | Noticed gothmog's ghost (weakling TrBe)
  1950 | D:3      | Killed gothmog's ghost
  1950 | D:3      | Reached XP level 6. HP: 55/55 MP: 1/5
  2033 | D:3      | Reached skill level 5 in Fighting
  2038 | D:3      | Reached skill level 6 in Axes
  2063 | D:3      | Noticed Natasha
  2089 | D:3      | Killed Natasha
  2636 | D:4      | Reached XP level 7. HP: 57/61 MP: 2/6
  2746 | D:4      | Found a sand-covered staircase.
  2964 | D:4      | Found a staircase to the Ecumenical Temple.
  2974 | Temple   | Entered the Ecumenical Temple
  3024 | D:4      | Reached skill level 7 in Axes
  3024 | D:4      | Reached skill level 5 in Armour
  3250 | D:5      | Entered Level 5 of the Dungeon
  3250 | D:5      | Noticed Grinder
  3267 | D:5      | Killed Grinder
  3390 | D:5      | Noticed Menkaure
  3399 | D:5      | Killed Menkaure
  3399 | D:5      | Reached skill level 8 in Axes
  3399 | D:5      | Reached skill level 5 in Dodging
  3399 | D:5      | Reached XP level 8. HP: 56/70 MP: 2/7
  3918 | D:5      | Noticed Sigmund
  3932 | D:5      | Killed Sigmund
  4336 | D:6      | Found a hazy altar of Hepliaklqana.
  4343 | D:6      | Found Coseso Rihu's Distillery.
  4543 | D:6      | Bought 2 potions of curing for 90 gold pieces
  4543 | D:6      | Bought a potion of haste for 150 gold pieces
  4543 | D:6      | Bought a potion of curing for 45 gold pieces
  4935 | D:6      | Reached skill level 9 in Axes
  4962 | D:6      | Found a hide-covered altar of Uskayaw.
  5449 | D:7      | Reached **** piety under Trog
  5483 | D:7      | Found a bloodstained altar of Trog.
  5580 | D:7      | Reached XP level 9. HP: 66/79 MP: 2/8
  5829 | D:7      | Slain by a killer bee

Skill      XL: |  1  2  3  4  5  6  7  8 |
---------------+-------------------------+-----
Axes           | 4 5 6 8 9 |  9.7
Fighting       | 4 5 6 7 |  7.4
Armour         | 3 4 5 6 |  6.8
Dodging        | 3 4 5 6 |  6.2

Action                   |  1- 3 |  4- 6 |  7- 9 || total
-------------------------+-------+-------+-------++-------
Melee: Hand axe          |    67 |   185 |   231 ||   483
       Headbutt          |     9 |    28 |    50 ||    87
Invok: Berserk           |     1 |     8 |     8 ||    17
       Trog's Hand       |       |     1 |     7 ||     8
  Use: Scroll            |     1 |     3 |     1 ||     5
       Potion            |       |       |     4 ||     4
  Eat: Chunk             |     1 |     1 |       ||     2
       Ration            |     1 |     4 |     4 ||     9
Armor: Ring mail         |    16 |    14 |       ||    30
       Chain mail        |       |    26 |       ||    26
       Plate armour      |       |    27 |    97 ||   124
Dodge: Dodged            |    39 |    48 |    35 ||   122
Block: Large shield      |       |    45 |   110 ||   155
